 Dungeon Crawl Stone Soup version 0.24.1-14-gf8d2b509d9 (webtiles) character file.

Game seed: 4754457047618232588, levelgen mode: deterministic

32 Curus the Chopper (level 3, -1/43 HPs)
             Began as a Demonspawn Berserker on June 3, 2020.
             Was a Follower of Trog.
             Slain by Sigmund
             ... wielding a +0 scythe
              (5 damage)
             ... on level 2 of the Dungeon.
             The game lasted 00:06:35 (1206 turns).

Curus the Chopper (Demonspawn Berserker)            Turns: 1206, Time: 00:06:35

Health: -1/43      AC: 10    Str: 19 (22) XL:     3   Next: 8%
Magic:  3/3        EV:  8    Int:  7 (8)  God:    Trog [*.....]
Gold:   108        SH:  0    Dex: 11 (13) Spells: 2/2 levels left

rFire    . . .     SeeInvis .   a - +1 hand axe
rCold    . . .     Gourm    .   (no shield)
rNeg     . . .     Faith    .   k - +0 chain mail
rPois    +         Spirit   .   (no helmet)
rElec    .         Reflect  .   g - +1 cloak
rCorr    .         Harm     .   (no gloves)
MR       .....     Clarity  +   (no boots)
Stlth    ..........             (no amulet)
HPRegen  0.14/turn              i - ring of stealth
MPRegen  0.08/turn              (no ring)

@: berserking, very quick
A: clarity, poison resistance, powered by death 2
a: Berserk, Renounce Religion


You were on level 2 of the Dungeon.
You worshipped Trog.
Trog was aware of your devotion.
You were very hungry.

You visited 1 branch of the dungeon, and saw 2 of its levels.

You collected 108 gold pieces.

Inventory:

Hand Weapons
 a - a +1 hand axe (weapon)
Armour
 b - a +0 animal skin
 d - a +0 ring mail
 g - a +1 cloak (worn)
 k - a +0 chain mail (worn)
Jewellery
 i - a ring of stealth (left hand)
Scrolls
 e - 3 scrolls of teleportation
 h - 7 scrolls of identify
 j - a scroll of enchant weapon
Potions
 f - 4 potions of curing
 l - a potion of lignification
Comestibles
 c - 2 rations


   Skills:
 - Level 3.0 Fighting
 + Level 3.9 Axes
 - Level 1.7 Armour
 - Level 1.7 Dodging


You had 2 spell levels left.
You didn't know any spells.
Your spell library was empty.

Dungeon Overview and Level Annotations

Branches:
Dungeon (2/15)

Altars:
Ashenzari

Annotations:
D:2 Sigmund


Innate Abilities, Weirdness & Mutations

You regenerate health from kills.
You possess an exceptional clarity of mind.
Your system is resistant to poisons. (rPois)


Message History

Your chain mail prevents you from hitting something.
Something hits you!
You miss something. Something hits you!
You miss something.
You hear some strange, mumbled words.
A magic dart appears from out of thin air!
The magic dart hits you but does no damage.
You hit something. Something hits you.
* * * LOW HITPOINT WARNING * * *
A red film seems to cover your vision as you go berserk!
You feel yourself moving faster!
You feel mighty!
You are feeling very hungry.
Your chain mail prevents you from hitting something.
You hear some strange, mumbled words.
Something tries to affect you, but you resist.
You closely miss something. Something hits you.
* * * LOW HITPOINT WARNING * * *
You slash something! You closely miss something. Something hits you.
You die...

#.#
#......<.......####.#
#.# ####.....###.#.#
#.# #.# ##...## #....#
#.# #.# ##.##
#........#
#.##########.#
##...#####
#............#######.##
# ##########........ .#
# #.####### # #@# #####
#{# #.... #.# #.### #.#
#.# # #.# #.# ..# #.#
### #.# #.# .######.###


There were no monsters in sight!

Vanquished Creatures
  An adder (D:2)
  A worm (D:2)
  A leopard gecko (D:1)
  4 giant cockroaches (D:1)
  3 goblins (D:1)
  A hobgoblin (D:2)
  4 bats
  A frilled lizard (D:1)
  3 kobolds
  A rat (D:2)
20 creatures vanquished.

Notes
Turn   | Place    | Note
-------+----------+-------------------------------------------
     0 | D:1      | Curus the Demonspawn Berserker began the quest for the Orb.
     0 | D:1      | Reached XP level 1. HP: 18/18 MP: 1/1
   168 | D:1      | Gained mutation: You regenerate a little health from kills.
                  | [demonic ancestry]
   168 | D:1      | Reached XP level 2. HP: 23/24 MP: 2/2
   604 | D:2      | Gained mutation: You possess an exceptional clarity of
                  | mind. [potion of mutation]
   604 | D:2      | Gained mutation: Your system is resistant to poisons.
                  | (rPois) [potion of mutation]
   947 | D:2      | Found a shattered altar of Ashenzari.
  1120 | D:2      | Gained mutation: You regenerate health from kills. [demonic
                  | ancestry]
  1120 | D:2      | Reached XP level 3. HP: 23/29 MP: 3/3
  1188 | D:2      | Noticed Sigmund
  1206 | D:2      | Slain by Sigmund

Levels and vault maps discovered:
D:1:      dpeg_arrival_pits, layout_loops_cross, kennysheep_nondescript
D:2:      layout_loops_ring, nicolae_ashenzari_panopticon, uniq_sigmund

Skill      XL: |  1 |
---------------+----+-----
Axes           | 3 |  3.9
Fighting       | |  3.0
Armour         | |  1.7
Dodging        | |  1.7

Action                   || total
-------------------------++-------
Melee: Hand axe          ||   105
Invok: Berserk           ||     2
  Use: Scroll            ||     8
       Potion            ||     3
  Eat: Chunk             ||     2
Armor: Ring mail         ||    25
       Animal skin       ||     5
       Chain mail        ||    28
Dodge: Dodged            ||    37
